 Dungeon Crawl Stone Soup version 0.29-a0-878-g7b45a56547 (webtiles) character file.

Game seed: 13126683329982664716

3165 IdlyInterested the Fighter (level 9, -1/80 (81) HPs)
             Began as a Demonspawn Wanderer on July 19, 2022.
             Succumbed to a killer bee's poison
             ... on level 7 of the Dungeon.
             The game lasted 00:23:13 (6176 turns).

IdlyInterested the Fighter (Demonspawn Wanderer)    Turns: 6176, Time: 00:23:13

HP:   -1/80 (81)    AC: 11    Str: 16    XL:     9   Next: 63%
MP:   9/9           EV: 14    Int:  9    God:
Gold: 243           SH:  0    Dex: 24    Spells: 8/8 levels left

rFire   . . .      SeeInvis .   a - +4 short sword (freeze)
rCold   . . .      Faith    .   (no shield)
rNeg    . . .      Spirit   .   E - +3 leather armour
rPois   .          Reflect  .   z - +0 helmet
rElec   .          Harm     .   e - scarf {+Inv}
rCorr   .          Rampage  .   H - +0 pair of gloves
Will    .....      Rage     3%  (no boots)
Stlth   +++.......              (no amulet)
HPRegen 0.23/turn               h - ring of wizardry
MPRegen 0.11/turn               d - +6 ring of strength

@: brilliant, lethally poisoned (-1 -> -8), lightly drained
A: molten scales 1, powered by death 1, weakness stinger 2, hooves 1, berserk 1,
shaggy fur 1
a: Evoke Invisibility


You were on level 7 of the Dungeon.
You visited 2 branches of the dungeon, and saw 8 of its levels.

You collected 453 gold pieces.
You spent 210 gold pieces at shops.

Inventory:

Hand Weapons
 a - a +4 short sword of freezing (weapon)
 y - a +1 dagger of electrocution
 C - a +0 great sword
 G - a +2 dagger of speed
Missiles
 o - 6 boomerangs
 r - 5 javelins (quivered)
 s - 13 poisoned darts
Armour
 e - a scarf of invisibility (worn)
 f - a +2 plate armour of positive energy
 m - a +1 scale mail
 z - a +0 helmet (worn)
 E - a +3 leather armour (worn)
 H - a +0 pair of gloves (worn)
 J - +0 steam dragon scales
Jewellery
 d - a +6 ring of strength (right hand)
 h - a ring of wizardry (left hand)
Scrolls
 n - 2 scrolls of fear
 p - a scroll of enchant weapon
 t - 5 scrolls of teleportation
 w - a scroll of fog
 x - a scroll of magic mapping
 B - a scroll of amnesia
Potions
 b - a potion of mutation
 c - 2 potions of lignification
 g - a potion of magic
 j - 4 potions of heal wounds
 k - 3 potions of attraction
 l - a potion of resistance
 q - a potion of flight
 u - a potion of invisibility
 v - 4 potions of curing
 A - a potion of brilliance
 D - 2 potions of haste
 F - a potion of berserk rage {unknown}
 K - a potion of experience {unknown}


   Skills:
 + Level 11.1 Fighting
 - Level 4.0 Short Blades
 - Level 1.0 Throwing
 - Level 2.0 Armour
 - Level 4.0 Dodging
 - Level 4.0 Stealth
 - Level 1.0 Unarmed Combat
 + Level 3.6 Evocations


You had 8 spell levels left.
You didn't know any spells.
Your spell library contained the following spells:

 Spells                   Type           Power      Damage    Failure   Level
 Beastly Appendage        Tmut           0%         N/A       21%         1
 Poisonous Vapours        Pois/Air       0%         N/A       28%         2
 Static Discharge         Conj/Air       0%         3-3/arc   28%         2
 Wereblood                Tmut           0%         N/A       28%         2
 Spider Form              Tmut/Pois      0%         N/A       50%         3
 Corpse Rot               Necr/Pois/Air  0%         N/A       86%         4
 Dispel Undead            Necr           0%         3d6       86%         4
 Sticky Flame             Conj/Fire      0%         2d3       86%         4


Dungeon Overview and Level Annotations

Branches:
Dungeon (7/15)             Temple (1/1) D:4

Altars:
Ashenzari
Cheibriados
Dithmenos
Gozag
Hepliaklqana
Makhleb
Nemelex Xobeh
Okawaru
Qazlal
Ru
Sif Muna
Trog
Uskayaw
Vehumet
Wu Jian
Xom
Yredelemnul

Shops:
D:4 *   D:6 ::

Portals:
Ossuary: D:7


Innate Abilities, Weirdness & Mutations

You are partially covered in molten scales. (AC +2)
You regenerate a little health from kills.
You have a tail ending in a sharp stinger.
You have large cloven feet.
You sometimes lose your temper in combat.
You are covered in fur. (AC +1)


Message History

The killer bee closely misses you. The killer bee barely misses you. x2
Found a sand-covered staircase.
You feel sick.
You are no longer poisoned.
The killer bee stings you but does no damage.
The killer bee misses you. The killer bee closely misses you.
The killer bee stings you.
* * * LOW HITPOINT WARNING * * *
The killer bee stings you.
* * * LOW HITPOINT WARNING * * *
The killer bee attacks as you move away!
The killer bee closely misses you.
The killer bee stings you but does no damage.
The killer bee closely misses you. The killer bee misses you.
The killer bee stings you.
* * * LOW HITPOINT WARNING * * *
You are poisoned.
The killer bee poisons you!
The killer bee attacks as you move away!
The killer bee misses you.
You feel sick. The killer bee stings you.
* * * LOW HITPOINT WARNING * * *
The killer bee closely misses you. x2
The killer bee stings you but does no damage.
The killer bee stings you.
* * * LOW HITPOINT WARNING * * *
You feel sick. The killer bee barely misses you. x2
The killer bee closely misses you. The killer bee misses you. x2
The killer bee attacks as you move away!
The killer bee closely misses you.
You feel sick. The killer bee stings you.
* * * LOW HITPOINT WARNING * * *
You are more poisoned.
The killer bee poisons you!
The killer bee stings you but does no damage.
The killer bee barely misses you.
The killer bee stings you but does no damage.
The killer bee barely misses you.
The killer bee attacks as you move away!
The killer bee closely misses you.
The killer bee attacks as you move away!
The killer bee stings you but does no damage.
You die...

,,,,,,,,,,,,,*
,,,,,,,,,,,,,*
,***,,,,,,,,,*
,******####.**
,,,,,,#.....#* #######
,,,,,........###..8..##
,,,,.........##.......#
.............##.8.∩.8.#
.............!y.@.....#
.............Fy...8...#
..............yyy####.#
>...$.##..............*
......##...FJ........#*
......##.............#
......##.............#
##.....#.............#
............##########


You could see 2 bullfrogs, a jelly and 5 killer bees.

Vanquished Creatures
  A cyclops (D:6)
  2 steam dragons (D:6)
  4 water moccasins
  An ice beast (D:6)
  A black bear (D:5)
  2 hornet zombies (D:6)
  An orc warrior (D:6)
  A centaur (D:6)
  4 phantoms
  A wyvern zombie (D:6)
  A necrophage (D:6)
  A gnoll sergeant (D:6)
  2 scorpions
  3 killer bees (D:6)
  2 howler monkeys
  3 centaur zombies (D:6)
  5 hounds
  A jelly (D:5)
  An orc priest (D:6)
  A centaur skeleton (D:6)
  Natasha (thrice) (D:3)
  5 iguanas
  An orc wizard (D:5)
  A howler monkey zombie (D:6)
  Robin (D:4)
  A howler monkey skeleton (D:6)
  7 adders
  A shadow imp (D:5)
  2 ufetubi
  2 worms
  4 dart slugs
  11 orcs
  8 bats
  9 endoplasms
  3 giant cockroaches
  19 goblins
  9 hobgoblins
  6 jackals
  4 kobolds
  5 quokkas
  7 ball pythons
  2 frilled lizards (D:3)
  4 rats
153 creatures vanquished.

Notes
Turn   | Place    | Note
-------+----------+-------------------------------------------
     0 | D:1      | IdlyInterested the Demonspawn Wanderer began the quest for
                  | the Orb.
     0 | D:1      | IdlyInterested set off with the following items: a +3 short
                  | sword, a potion of mutation, a potion of lignification, a
                  | +0 leather armour.
     0 | D:1      | Reached XP level 1. HP: 18/18 MP: 1/1
    88 | D:1      | Gained mutation: You have a pair of small horns on your
                  | head. [potion of mutation]
    88 | D:1      | Gained mutation: You have a pair of horns on your head.
                  | [potion of mutation]
   142 | D:1      | Gained mutation: You are partially covered in molten
                  | scales. (AC +2) [demonic ancestry]
   142 | D:1      | Reached XP level 2. HP: 24/24 MP: 2/2
   310 | D:1      | Reached skill level 1 in Dodging
   432 | D:1      | Reached XP level 3. HP: 29/29 MP: 3/3
   589 | D:2      | Reached skill level 1 in Throwing
  1345 | D:3      | Noticed Natasha
  1352 | D:3      | Killed Natasha
  1353 | D:3      | Reached skill level 4 in Fighting
  1353 | D:3      | Gained mutation: You regenerate a little health from kills.
                  | [demonic ancestry]
  1353 | D:3      | Reached XP level 4. HP: 34/37 MP: 4/4
  1455 | D:3      | Noticed a scorpion
  1466 | D:3      | Killed a scorpion
  1467 | D:3      | Reached XP level 5. HP: 8/43 MP: 5/5
  1763 | D:3      | Noticed Natasha
  1769 | D:3      | Killed Natasha
  1775 | D:3      | Noticed Natasha
  1781 | D:3      | Killed Natasha
  2023 | D:3      | Reached skill level 5 in Fighting
  2222 | D:4      | Found Vaismium's General Store.
  2372 | D:4      | Reached XP level 6. HP: 50/51 MP: 6/6
  2374 | D:4      | Noticed Robin
  2388 | D:4      | Killed Robin
  2805 | D:4      | Found a staircase to the Ecumenical Temple.
  2817 | Temple   | Entered the Ecumenical Temple
  3122 | D:4      | Lost mutation: You have a pair of horns on your head.
                  | [potion of mutation]
  3122 | D:4      | Lost mutation: You have a pair of small horns on your head.
                  | [potion of mutation]
  3122 | D:4      | Gained mutation: You occasionally lose the ability to read
                  | scrolls when taking damage. [potion of mutation]
  3122 | D:4      | Gained mutation: You have large cloven feet. [potion of
                  | mutation]
  3123 | D:4      | Lost mutation: You occasionally lose the ability to read
                  | scrolls when taking damage. [potion of mutation]
  3123 | D:4      | Lost mutation: You have large cloven feet. [potion of
                  | mutation]
  3123 | D:4      | Gained mutation: Your spells are a little harder to cast,
                  | but a little more powerful. [potion of mutation]
  3123 | D:4      | Gained mutation: You sometimes lose your temper in combat.
                  | [potion of mutation]
  3123 | D:4      | Gained mutation: You are somewhat resistant to further
                  | mutation. [potion of mutation]
  3183 | D:4      | Bought a scroll of identify for 28 gold pieces
  3183 | D:4      | Bought a potion of haste for 140 gold pieces
  3183 | D:4      | Bought a potion of curing for 42 gold pieces
  3197 | D:5      | Entered Level 5 of the Dungeon
  3274 | D:5      | Reached skill level 6 in Fighting
  3336 | D:5      | Reached XP level 7. HP: 58/58 MP: 7/7
  3845 | D:5      | Reached skill level 7 in Fighting
  4190 | D:6      | Noticed a steam dragon
  4205 | D:6      | Killed a steam dragon
  4206 | D:6      | Gained mutation: You have a small tail. [demonic ancestry]
  4206 | D:6      | Reached XP level 8. HP: 11/67 MP: 8/8
  4512 | D:6      | Found Hanam's Book Emporium.
  4535 | D:6      | Reached skill level 8 in Fighting
  4772 | D:6      | Reached skill level 9 in Fighting
  5136 | D:6      | Lost mutation: You sometimes lose your temper in combat.
                  | [potion of mutation]
  5136 | D:6      | Lost mutation: Your spells are a little harder to cast, but
                  | a little more powerful. [potion of mutation]
  5136 | D:6      | Lost mutation: You are somewhat resistant to further
                  | mutation. [potion of mutation]
  5136 | D:6      | Gained mutation: You have large cloven feet. [potion of
                  | mutation]
  5136 | D:6      | Gained mutation: You sometimes lose your temper in combat.
                  | [potion of mutation]
  5136 | D:6      | Gained mutation: You are covered in fur. (AC +1) [potion of
                  | mutation]
  5174 | D:6      | Noticed a cyclops
  5187 | D:6      | Killed a cyclops
  5188 | D:6      | Reached skill level 10 in Fighting
  5188 | D:6      | Gained mutation: You have a tail ending in a sharp stinger.
                  | [demonic ancestry]
  5188 | D:6      | Reached XP level 9. HP: 32/78 MP: 9/9
  5421 | D:6      | Found Okukecsipt's Book Shoppe.
  5613 | D:6      | Reached skill level 11 in Fighting
  6027 | D:6      | Found a shimmering blue altar of Sif Muna.
  6171 | D:7      | Found a sand-covered staircase.
  6175 | D:7      | HP: 1/80 [killer bee (5)]
  6176 | D:7      | Succumbed to a killer bee's poison

Illustrated notes

Levels and vault maps discovered:
D:1:      mainiacjoe_arrival_reflecting_pool, layout_basic
D:2:      layout_loops_ring
D:3:      minmay_evil_eye, layout_rooms, uniq_natasha
D:4:      layout_cave_pools, temple_hall, serial_shops, shop_coins,
          kennysheep_generic_room_15, uniq_robin
D:5:      layout_cave_pods
D:6:      layout_basic, led_sif_pool, serial_undead, serial_undead_f,
          serial_undead_a, serial_undead_e, serial_undead_a, serial_shops, shop,
          shop, minmay_bent
D:7:      layout_basic, grunt_temple_overflow_growth_and_decay, enter_bailey_2,
          nicolae_ossuary_entry_monument, nrook_pool_corridor,
          kennysheep_generic_room_9
Temple:   compressed_dpeg_triangle_lava_temple

Skill      XL: |  1  2  3  4  5  6  7  8  9 |
---------------+----------------------------+-----
Armour         | 2 |  2.0
Short Blades   | 2 3 4 |  4.0
Dodging        | 1 2 3 4 |  4.0
Throwing       | 1 |  1.0
Fighting       | 4 5 6 7 10 11 | 11.1
Evocations     | 2 3 |  3.6
Stealth        | 2 3 4 |  4.0
Unarmed Combat | |  1.0

Action                   |  1- 3 |  4- 6 |  7- 9 || total
-------------------------+-------+-------+-------++-------
Melee: Short sword       |    83 |   138 |   241 ||   462
       Headbutt          |    14 |    12 |       ||    26
       Punch             |       |     2 |     5 ||     7
       Tailslap          |       |       |    38 ||    38
       Kick              |       |       |    40 ||    40
 Abil: Evoke Invisibilit |       |       |     1 ||     1
  Use: Potion            |     1 |     3 |     4 ||     8
       Scroll            |     7 |    10 |     3 ||    20
 Stab: Sleeping          |     1 |     1 |     1 ||     3
       Distracted        |       |     1 |       ||     1
       Invisible         |       |       |     1 ||     1
Armor: Leather armour    |     6 |       |   111 ||   117
       Scale mail        |    21 |    88 |       ||   109
Dodge: Dodged            |    42 |    68 |   239 ||   349

Table legend: (Time is in decaauts)
 A = Elapsed time spent in this place.
 B = Non-inter-level travel time spent in this place.
 C = Inter-level travel time spent in this place.
 D = Time resting spent in this place.
 E = Time spent auto-exploring this place.
 F = Levels seen in this place.
 G = Mean time per level.
                   A        B        C        D        E       F      G
               +--------+--------+--------+--------+--------+-----+--------+
         Total |   6241 |   5724 |    517 |   1476 |   2765 |   8 |  780.1 |
       Dungeon |   5938 |   5436 |    502 |   1476 |   2489 |   7 |  848.3 |
        Temple |    303 |    288 |     15 |      0 |    276 |   1 |  303.0 |
               +--------+--------+--------+--------+--------+-----+--------+

Top non-repeatable levels by time:
     D:6: 1973 daAuts
     D:5: 990 daAuts
     D:3: 911 daAuts
     D:2: 802 daAuts
     D:4: 644 daAuts
     D:1: 582 daAuts
  Temple: 303 daAuts
     D:7: 32 daAuts
